 Dungeon Crawl Stone Soup version 0.32-a0-306-gfed3edf829 (webtiles) character file.

Game seed: 17431250975611991206

119 Aldia the Chopper (level 4, -1/38 HPs)
             Began as a Mountain Dwarf Reaver on Feb 14, 2024.
             Slain by an orc
             ... wielding a +0 flail
              (6 damage)
             ... on level 3 of the Dungeon.
             The game lasted 00:03:16 (1701 turns).

Aldia the Chopper (Mountain Dwarf Reaver)           Turns: 1701, Time: 00:03:17

Health: -1/38      AC: 15    Str: 16 (17) XL:     4   Next: 73%
Magic:  7/7        EV:  7    Int: 10 (13) God:
Gold:   156        SH:  0    Dex:  5 (8)  Spells: 1/7 levels left

rFire   . . .        a - +0 hand axe
rCold   . . .        (no shield)
rNeg    . . .        r - +4 chain mail
rPois   .            n - +2 helmet
rElec   .            (no cloak)
rCorr   .            (no gloves)
SInv    .            (no boots)
Will    .....        (no amulet) Stlth
                     (no ring)
HPRegen 0.26/turn    (no ring)
MPRegen 0.10/turn

%: no passive effects
@: attractive
A: runic magic, artefact enchanting
a: no special abilities


You were on level 3 of the Dungeon.
You visited 1 branch of the dungeon, and saw 3 of its levels.

You collected 156 gold pieces.

Inventory:

Hand Weapons
 a - a +0 hand axe (weapon)
Missiles
 j - 3 throwing nets
Armour
 n - a +2 helmet (worn)
 r - a +4 chain mail (worn)
Scrolls
 f - a scroll of fog
 o - a scroll of acquirement {unknown}
 p - a scroll of teleportation {unknown}
Potions
 c - a potion of heal wounds {unknown}
 e - a potion of magic {unknown}
 g - a potion of degeneration
 i - a potion of attraction
 k - a potion of might {unknown}
 l - a potion of brilliance {unknown}
 m - a potion of invisibility {unknown}


   Skills:
 + Level 3.2 Fighting
 * Level 5.3 Axes
 + Level 1.7 Armour
 - Level 1.3 Dodging
 - Level 2.0 Spellcasting
 + Level 2.8 Conjurations


You had one spell level left.
You knew the following spells:

 Your Spells              Type           Power      Damage    Failure   Level
a - Kiss of Death         Conj/Necr      12%        2d6       32%         1
b - Momentum Strike       Conj/Tloc      6%         3d8       43%         2
c - Stone Arrow           Conj/Erth      6%         3d7       67%         3

Your spell library contained the following spells:

 Spells                   Type           Power      Damage    Failure   Level
 Shock                    Conj/Air       12%        1d3       32%         1
 Dazzling Flash           Conj/Hex       6%         N/A       67%         3
 Hailstorm                Conj/Ice       3%         3d5       67%         3
 Mephitic Cloud           Conj/Alch/Air  2%         N/A       75%         3
 Freezing Cloud           Conj/Ice/Air   1%         6-21      100%        5


Dungeon Overview and Level Annotations

Branches:
Dungeon (3/15)

Altars:


Innate Abilities, Weirdness & Mutations

Your spellcasting is much less encumbered by armour.
You can use scrolls of enchantment on lesser artefacts.


Message History

You closely miss Ijyb.
Ijyb is almost dead.
Ijyb hits you but does no damage.
You barely miss Ijyb.
Ijyb is almost dead.
Ijyb screams, "Level is mine!
All mine!"
Ijyb hits you but does no damage.
You barely miss Ijyb.
Ijyb is almost dead.
Ijyb hits you but does no damage.
Ijyb zaps a wand.
The puff of flame hits you.
* * * LOW HITPOINT WARNING * * *
You hit Ijyb.
Ijyb is almost dead.
Ijyb barely misses you.
You closely miss Ijyb.
Ijyb is almost dead.
Ijyb zaps a wand.
The puff of flame hits you but does no damage.
You barely miss Ijyb.
Ijyb is almost dead.
Ijyb hits you but does no damage.
It was a potion of degeneration.
There was something very wrong with that liquid.
You feel weakened.
You feel dopey.
You feel clumsy. Ijyb hits you but does no damage.
You hit Ijyb but do no damage.
Ijyb is almost dead.
Ijyb zaps a wand.
The puff of flame hits you but does no damage.
Unknown command.
It was a potion of attraction.
You feel attractive to monsters. Ijyb completely misses you.
You hit Ijyb.
You kill Ijyb!
The orc is attracted toward you.
You barely miss the orc.
The orc is lightly wounded.
The orc hits you with a +0 flail.
You die...

.<. ... ... #.# ### #.#
#.. #.# #.# ##'## #.#
##...## #@# # ##
##.....###o# .# .##
##.......##o# #.##
.§####.........#o##...#.#
§....'.........)§........
§§####.........#..).....#
§## ##...............###
## ##......######..#
##...#.# ..#


You could see 3 orcs.

Vanquished Creatures
  Ijyb (D:3)
  Robin (D:2)
  An adder (D:2)
  3 orcs (D:3)
  2 endoplasms
  2 giant cockroaches (D:1)
  11 goblins
  4 hobgoblins (D:1)
  2 quokkas
  5 ball pythons
  2 bats (D:2)
  5 frilled lizards
  2 kobolds (D:1)
  A rat (D:2)
42 creatures vanquished.

Notes
Turn   | Place    | Note
-------+----------+-------------------------------------------
     0 | D:1      | Aldia the Mountain Dwarf Reaver began the quest for the
                  | Orb.
     0 | D:1      | Reached XP level 1. HP: 17/17 MP: 3/3
    57 | D:1      | Reached skill level 4 in Axes
    57 | D:1      | Reached XP level 2. HP: 20/25 MP: 4/4
   252 | D:1      | Learned a level 2 spell: Momentum Strike
   328 | D:1      | Got the Precepts of Concussion
   460 | D:1      | Reached XP level 3. HP: 30/30 MP: 6/6
   464 | D:1      | Learned a level 3 spell: Stone Arrow
   825 | D:2      | Noticed Robin
   830 | D:2      | Reached skill level 1 in Armour
   840 | D:2      | Killed Robin
   841 | D:2      | Reached XP level 4. HP: 12/34 MP: 5/7
   843 | D:2      | Reached skill level 5 in Axes
  1656 | D:3      | Noticed Ijyb
  1700 | D:3      | Killed Ijyb
  1701 | D:3      | Slain by an orc

Illustrated notes

Levels and vault maps discovered:
D:1:      minmay_arrival_diagonal_passages, layout_basic
D:2:      layout_loops_ring, serial_aquarium, aquarium_bridge_square
          [aquarium_subvault_bridge, aquarium_subvault_bridge,
          aquarium_subvault_bridge, aquarium_subvault_wall],
          aquarium_bridge_square [aquarium_subvault_window,
          aquarium_subvault_bridge, aquarium_subvault_wall,
          aquarium_subvault_bridge], aquarium_window_fake, aquarium_window_1,
          aquarium_window_1, aquarium_view_2d, aquarium_view_2d,
          aquarium_balcony_1b, amethyst_killhole, uniq_robin
D:3:      layout_loops_corners, xom_teletrap_fun, uniq_ijyb

Skill      XL: |  1  2  3  4 |
---------------+-------------+-----
Axes           | 4 5 |  5.3
Spellcasting   | 2 |  2.0
Armour         | 1 |  1.7
Fighting       | 3 |  3.2
Dodging        | |  1.3
Conjurations   | |  2.8

Action                     |  1- 3 |  4- 6 || total
---------------------------+-------+-------++-------
  Melee: Hand axe          |    69 |    63 ||   132
   Cast: Kiss of Death     |     1 |       ||     1
    Use: Scroll            |       |     3 ||     3
         Potion            |       |     2 ||     2
 Armour: Leather armour    |    10 |       ||    10
         Scale mail        |    48 |    16 ||    64
         Chain mail        |       |    41 ||    41
  Dodge: Dodged            |    42 |    26 ||    68

Table legend: (Time is in decaauts)
 A = Elapsed time spent in this place.
 B = Non-inter-level travel time spent in this place.
 C = Inter-level travel time spent in this place.
 D = Time resting spent in this place.
 E = Time spent auto-exploring this place.
 F = Levels seen in this place.
 G = Mean time per level.
                   A        B        C        D        E       F      G
               +--------+--------+--------+--------+--------+-----+--------+
         Total |   1709 |   1650 |     59 |      0 |   1323 |   3 |  569.7 |
       Dungeon |   1709 |   1650 |     59 |      0 |   1323 |   3 |  569.7 |
               +--------+--------+--------+--------+--------+-----+--------+

Top non-repeatable levels by time:
     D:2: 998 daAuts
     D:1: 635 daAuts
     D:3: 75 daAuts
